 Dungeon Crawl Stone Soup version 0.30.1-9-gdf580d7c3d (webtiles) character file.

Game seed: 16111756589128721532

32279 lonewolfV2 the Nimble (level 13, -6/100 HPs)
             Began as a Demonspawn Fighter on Oct 26, 2023.
             Was an Elder of Qazlal.
             Killed from afar by a crystal guardian (21 damage)
             ... with a crystal bolt
             ... on level 15 of the Dungeon.
             The game lasted 00:29:47 (14168 turns).

lonewolfV2 the Nimble (Demonspawn Fighter)         Turns: 14168, Time: 00:29:47

Health: -6/100     AC: 25    Str: 19    XL:     13   Next: 30%
Magic:  19/19      EV: 10    Int: 10    God:    Qazlal [****..]
Gold:   683        SH: 18    Dex: 19    Spells: 12/12 levels left

rFire   . . .        a - +2 war axe (elec)
rCold   + . .        y - +1 kite shield
rNeg    . . .        l - +0 plate armour
rPois   .            (helmet restricted)
rElec   +            u - +2 cloak
rCorr   .            f - +0 pair of gloves
SInv    +            J - +0 pair of boots
Will    +....        o - amulet of regeneration Stlth
                     m - ring "Qabick" {rElec rC+ Int+2 SInv}
HPRegen 1.16/turn    E - +4 ring of protection
MPRegen 0.16/turn

%: repel missiles
@: no status effects
A: hooves 1, horns 2, foul stench 2, icemail 1, condensation shield, demonic
touch 1, agile 1, strong-willed 1
a: Renounce Religion, Upheaval, Elemental Force


You were on level 15 of the Dungeon.
You worshipped Qazlal.
Qazlal was greatly pleased with you.
You visited 2 branches of the dungeon, and saw 16 of its levels.
You also visited: Ossuary.

You collected 870 gold pieces.
You spent 187 gold pieces at shops.

Inventory:

Hand Weapons
 a - a +2 war axe of electrocution (weapon)
 Q - a +3 demon trident of venom
Missiles
 N - a throwing net (quivered)
Armour
 b - a +0 scale mail
 c - a +0 chain mail
 f - a +0 pair of gloves (worn)
 l - a +0 plate armour (worn)
 u - a +2 cloak (worn)
 y - a +1 kite shield (worn)
 J - a +0 pair of boots (worn)
Jewellery
 h - an amulet of reflection
 i - a ring of protection from fire
 m - the ring "Qabick" (left hand) {rElec rC+ Int+2 SInv}
   (You found it on level 9 of the Dungeon)

   [ring of see invisible]

   Int:       It affects your intelligence (+2).
   rC:        It protects you from cold.
   rElec:     It insulates you from electricity.
   SInv:      It lets you see invisible.
 n - a ring of positive energy
 o - an amulet of regeneration (around neck)
 x - the ring "Ecseoloic" {Fly Stlth+}
   (You found it on level 5 of the Dungeon)

   [ring of flight]

   Fly:       It grants you flight.
   Stlth:     It makes you more stealthy.
 E - a +4 ring of protection (right hand)
Wands
 t - a wand of flame (19)
 v - a wand of iceblast (4)
 w - a wand of light (9)
 L - a wand of polymorph (15)
 O - a wand of paralysis (7)
Scrolls
 k - 4 scrolls of poison
 q - 6 scrolls of teleportation
 z - 3 scrolls of fear
 B - 3 scrolls of magic mapping
 D - 2 scrolls of amnesia
 M - 2 scrolls of identify
 P - 3 scrolls of fog
 R - a scroll of brand weapon
Potions
 d - 4 potions of might
 e - 2 potions of invisibility
 j - 3 potions of lignification
 p - 3 potions of flight
 r - 6 potions of curing
 s - 2 potions of resistance
 C - a potion of magic
 F - 2 potions of brilliance
 G - a potion of cancellation
 H - 2 potions of attraction
 I - 3 potions of haste
Miscellaneous
 A - a piece from Xom's chessboard (15/15)


   Skills:
 + Level 8.9 Fighting
 + Level 7.8 Axes
 - Level 11.1 Armour
 - Level 11.1 Dodging
 - Level 8.2 Shields
 * Level 9.2 Invocations


You had 12 spell levels left.
You didn't know any spells.
Your spell library contained the following spells:

 Spells                   Type           Power      Damage    Failure   Level
 Beastly Appendage        Tmut           0%         N/A       100%        1
 Summon Small Mammal      Summ           0%         N/A       100%        1
 Wereblood                Tmut           0%         N/A       100%        2
 Call Canine Familiar     Summ           0%         N/A       100%        3
 Portal Projectile        Hex/Tloc       0%         N/A       100%        3
 Spider Form              Tmut/Pois      0%         N/A       100%        3
 Stone Arrow              Conj/Erth      0%         3d7       100%        3
 Summon Guardian Golem    Hex/Summ       0%         N/A       100%        3
 Animate Armour           Summ/Erth      0%         N/A       100%        4
 Leda's Liquefaction      Hex/Erth       0%         N/A       100%        4
 Blade Hands              Tmut           0%         N/A       100%        5
 Iron Shot                Conj/Erth      0%         9d1       100%        6
 Lehudib's Crystal Spear  Conj/Erth      0%         10d2      100%        8


Dungeon Overview and Level Annotations

Branches:
Dungeon (15/15)            Temple (1/1) D:7            Lair (0/5) D:8
    Orc (0/2) D:10        Ossuary (visited)
 Vaults: D:13-14     Depths: D:15

Altars:
Ashenzari
Cheibriados
Fedhas
Hepliaklqana
Makhleb
Okawaru
Qazlal
Sif Muna
Trog
Wu Jian
Xom
Yredelemnul

Shops:
D:4 (*?   D:6 (!   D:9 (   D:12 [


Innate Abilities, Weirdness & Mutations

You have large cloven feet.
You have a pair of horns on your head.
You sometimes emit foul miasma when damaged in melee.
A meltable icy envelope protects you from harm. (AC +0)
A meltable shield of frost defends you. (SH +0)
Your touch may inflict minor irresistible damage on your foes.
You are agile. (Dex +4, Str/Int -1)
You are strong-willed. (Will+)


Message History

You headbutt the crystal guardian, but do no damage.
The crystal guardian is lightly damaged.
You closely miss the boggart.
The centaur warrior shoots an arrow.
The arrow hits the boggart!!
The boggart dies!
The boggart mumbles some strange words.
The centaur warrior wields a +0 shortbow.
The centaur warrior shoots an arrow.
The arrow hits you but does no damage.
You block the crystal guardian's attack.
You slash the crystal guardian!
The crystal guardian is moderately damaged.
You slash the boggart! Lightning courses through the boggart!
You kill the boggart!
Qazlal accepts your kill.
The centaur warrior dissolves into shadows!
The meliai dissolves into shadows! x3; The centaur warrior shoots an arrow.
You block the arrow.
The boggart gestures wildly while chanting.
The boggart flickers and vanishes for a moment.
The crystal guardian fires a crystalline bolt at you.
The crystal bolt burns you!!
Your icy defences dissipate!
The centaur warrior shoots an arrow.
The arrow hits you!!
The centaur warrior shoots an arrow.
The arrow barely misses you. The crystal guardian hits you!
You climb downwards.
There is a stone staircase leading up here.
You hit the crystal guardian but do no damage.
The crystal guardian is moderately damaged.
The crystal guardian closely misses you.
You hit the crystal guardian but do no damage.
You headbutt the crystal guardian, but do no damage.
The crystal guardian is lightly damaged.
The crystal guardian hits you!!
* * * LOW HITPOINT WARNING * * *
The crystal guardian fires a crystalline bolt at you.
The crystal bolt burns you!
* * * LOW HITPOINT WARNING * * *
The crystal bolt burns you!!
You die...

#
.#############.#.#
#.....§§.........#
.###(.?9†§..##.#
.....°.@.......#
####.########### #


You could see a crystal guardian.

Vanquished Creatures
  Jorgrun (D:12)
  Frances (D:13)
  An orc warlord (D:14)
  3 centaur warriors
  7 two-headed ogres
  Urug (D:13)
  A deep elf knight (D:14)
  A wizard (D:14)
  An orc knight (D:10)
  3 manticores
  An ugly thing (D:12)
  4 cyclopes
  A gargoyle (D:13)
  3 kobold demonologists (D:11)
  An efreet (D:13)
  A komodo dragon (D:8)
  A yaktaur (D:14)
  A polar bear (shapeshifter) (D:15)
  3 meliai (D:13)
  A merfolk (D:12)
  A hornet (D:7)
  8 trolls
  8 slime creatures
  2 shadows
  4 wyverns
  2 wraiths
  A vampire (D:12)
  28 yaks
  4 steam dragons
  7 vampire mosquitoes
  Menkaure (D:6)
  3 acid dragons
  A water moccasin (D:5)
  6 orc warriors
  3 sky beasts (D:7)
  A black bear (D:5)
  4 ogres
  3 centaurs
  3 boggarts
  A phantom (D:7)
  2 kobold brigands (D:11)
  Blork the orc (D:4)
  3 bullfrogs
  A gnoll sergeant (D:13)
  A wight (D:9)
  10 killer bees
  6 howler monkeys
  A centaur zombie (Ossuary)
  6 hounds
  4 jellies
  13 orc priests
  18 orc wizards
  6 iguanas
  3 mummies (Ossuary)
  3 gnolls (D:13)
  11 adders
  A white imp (D:6)
  A worm (D:2)
  3 dart slugs
  49 orcs
  4 endoplasms
  4 giant cockroaches
  13 goblins
  3 hobgoblins
  7 jackals
  7 quokkas
  3 ball pythons
  9 bats
  4 frilled lizards
  A goblin zombie (Ossuary)
  A hobgoblin zombie (Ossuary)
  10 kobolds
  2 kobold zombies (Ossuary)
  3 orc zombies (Ossuary)
  6 rats
348 creatures vanquished.

Vanquished Creatures (others)
  An unseen horror (D:12)
  A boggart (D:14)
2 creatures vanquished.

Grand Total: 350 creatures vanquished

Notes
Turn   | Place    | Note
-------+----------+-------------------------------------------
     0 | D:1      | lonewolfV2 the Demonspawn Fighter began the quest for the
                  | Orb.
     0 | D:1      | Reached XP level 1. HP: 18/18 MP: 1/1
   128 | D:1      | Reached skill level 1 in Dodging
   132 | D:1      | Discovered your monstrous ancestry.
   132 | D:1      | Gained mutation: You have a pair of small horns on your
                  | head. [demonic ancestry]
   132 | D:1      | Reached XP level 2. HP: 10/24 MP: 2/2
   745 | D:1      | Found a faded altar of an unknown god.
   941 | D:2      | Reached XP level 3. HP: 28/29 MP: 3/3
  1402 | D:2      | Reached XP level 4. HP: 35/35 MP: 4/4
  2550 | D:4      | Found Jat Was's Antique Weapon Shoppe.
  2560 | D:4      | Gained mutation: You may rarely emit foul miasma when
                  | damaged in melee. [demonic ancestry]
  2560 | D:4      | Reached XP level 5. HP: 36/41 MP: 5/5
  2688 | D:4      | Noticed Blork the orc
  2696 | D:4      | Killed Blork the orc
  3167 | D:4      | Found Ugroos's Magic Scroll Shop.
  3293 | D:4      | Gained mutation: A meltable shield of frost defends you.
                  | (SH +0) [demonic ancestry]
  3293 | D:4      | Reached XP level 6. HP: 39/47 MP: 6/6
  3346 | D:4      | Found Cubbikhi's Assorted Antiques.
  3350 | D:4      | Bought a glowing cloak for 187 gold pieces
  3420 | D:5      | Entered Level 5 of the Dungeon
  3827 | D:5      | Identified the ring "Ecseoloic" {Fly Stlth+}
  3840 | D:5      | Reached skill level 5 in Armour
  3840 | D:5      | Reached skill level 5 in Dodging
  3840 | D:5      | Gained mutation: You have a pair of horns on your head.
                  | [demonic ancestry]
  3840 | D:5      | Reached XP level 7. HP: 50/52 MP: 7/7
  4402 | D:6      | Noticed Menkaure
  4407 | D:6      | Killed Menkaure
  4408 | D:6      | Gained mutation: You sometimes emit foul miasma when
                  | damaged in melee. [demonic ancestry]
  4408 | D:6      | Reached XP level 8. HP: 35/58 MP: 8/8
  4921 | D:6      | Found Lehees's Antique Weapon Emporium.
  4973 | D:6      | Found Juinodya's Distillery.
  5438 | D:7      | Noticed a hornet
  5440 | D:7      | Paralysed by a hornet for 3 turns
  5445 | D:7      | Killed a hornet
  5808 | D:7      | Reached XP level 9. HP: 58/63 MP: 9/9
  6089 | D:7      | Found a staircase to the Ecumenical Temple.
  6164 | Temple   | Entered the Ecumenical Temple
  6174 | Temple   | Became a worshipper of Qazlal Stormbringer
  6401 | D:8      | Found a sand-covered staircase.
  6419 | Ossuary  | Entered an ossuary
  6769 | D:8      | Gained mutation: You are agile. (Dex +4, Str/Int -1)
                  | [potion of mutation]
  6770 | D:8      | Lost mutation: You are agile. (Dex +4, Str/Int -1) [potion
                  | of mutation]
  6770 | D:8      | Gained mutation: You are strong-willed. (Will+) [potion of
                  | mutation]
  6770 | D:8      | Gained mutation: You are agile. (Dex +4, Str/Int -1)
                  | [potion of mutation]
  6799 | D:8      | Noticed a komodo dragon
  6867 | D:8      | Reached * piety under Qazlal
  7310 | D:8      | Killed a komodo dragon
  7311 | D:8      | Reached XP level 10. HP: 62/70 MP: 10/10
  7323 | D:8      | Found a staircase to the Lair.
  7657 | D:9      | Found a basalt altar of Yredelemnul.
  7710 | D:9      | Reached skill level 10 in Armour
  7710 | D:9      | Reached skill level 10 in Dodging
  7811 | D:9      | Found a burning altar of Makhleb.
  7825 | D:9      | Noticed a two-headed ogre
  7836 | D:9      | Killed a two-headed ogre
  8086 | D:9      | Found an iron altar of Okawaru.
  8142 | D:9      | Reached ** piety under Qazlal
  8350 | D:9      | Found Jauhemomn's Weapon Boutique.
  8380 | D:9      | Noticed a two-headed ogre
  8387 | D:9      | Killed a two-headed ogre
  8695 | D:9      | Found a runed translucent door.
  8723 | D:9      | Reached skill level 1 in Invocations
  8732 | D:9      | Gained mutation: Your touch may inflict minor irresistible
                  | damage on your foes. [demonic ancestry]
  8732 | D:9      | Reached XP level 11. HP: 41/75 MP: 12/12
  8737 | D:9      | Noticed a two-headed ogre
  8745 | D:9      | Killed a two-headed ogre
  8854 | D:9      | Identified the ring "Qabick" {rElec rC+ Int+2 SInv}
  8924 | D:9      | Found a runed translucent door.
  9142 | D:10     | Entered Level 10 of the Dungeon
  9167 | D:10     | Noticed a two-headed ogre
  9184 | D:10     | Killed a two-headed ogre
  9185 | D:10     | Reached skill level 5 in Fighting
  9185 | D:10     | Reached skill level 5 in Invocations
  9234 | D:10     | Found a flagged portal.
  9266 | D:10     | Found a snail-covered altar of Cheibriados.
  9266 | D:10     | Found a broken altar of Ashenzari.
  9279 | D:10     | Noticed an orc knight
  9292 | D:10     | Killed an orc knight
  9504 | D:10     | Reached *** piety under Qazlal
  9707 | D:10     | Found a staircase to the Orcish Mines.
  9850 | D:10     | Found a shimmering blue altar of Sif Muna.
  9853 | D:10     | Found a blossoming altar of Fedhas.
 10098 | D:11     | Noticed a sixfirhy
 10100 | D:11     | Noticed a soul eater
 10367 | D:11     | You fall into a shaft and drop 2 floors!
 10393 | D:13     | Reached skill level 5 in Axes
 10393 | D:13     | Reached skill level 5 in Shields
 10399 | D:12     | Found Pammug's Antique Armour Shop.
 10602 | D:13     | Noticed a centaur warrior
 10625 | D:13     | Killed a centaur warrior
 10626 | D:13     | Gained mutation: A meltable icy envelope protects you from
                  | harm. (AC +0) [demonic ancestry]
 10626 | D:13     | Reached XP level 12. HP: 89/89 MP: 15/15
 10750 | D:12     | Reached **** piety under Qazlal
 10818 | D:12     | Noticed a two-headed ogre
 10828 | D:12     | Noticed Jorgrun
 10829 | D:12     | Killed a two-headed ogre
 10844 | D:12     | Killed Jorgrun
 11144 | D:12     | Found Ijouhin's Antique Armour Emporium.
 11262 | D:12     | Noticed a two-headed ogre
 11268 | D:12     | Killed a two-headed ogre
 11517 | D:11     | Noticed a two-headed ogre
 11530 | D:11     | Killed a two-headed ogre
 12473 | D:13     | Noticed Frances
 12487 | D:13     | HP: 3/92 [Frances/shard of ice (23)]
 12498 | D:13     | Killed Frances
 12688 | D:13     | Noticed Urug
 12699 | D:13     | Killed Urug
 12807 | D:13     | Gained mutation: You have large cloven feet. [demonic
                  | ancestry]
 12807 | D:13     | Reached XP level 13. HP: 99/99 MP: 18/18
 13377 | D:14     | Noticed a fire dragon
 13566 | D:14     | Noticed an orc warlord
 13571 | D:14     | Noticed a crystal guardian
 13592 | D:14     | Killed an orc warlord
 13607 | D:15     | Entered Level 15 of the Dungeon
 14168 | D:15     | Killed from afar by a crystal guardian

Illustrated notes

Levels and vault maps discovered:
D:1:      reono_arrival_forest_river, layout_loops_ring,
          dreamdust_ecumenical_altar_hidden_monk_grotto
D:2:      layout_loops_ring, grunt_decor_fettered, minmay_tetromino_i2
D:3:      layout_loops_ring, minmay_misc_feat_doors, amcnicky_mini_pool_small,
          kennysheep_generic_room_13
D:4:      layout_rooms, serial_shops, nicolae_shop_back_alley_shop,
          nicolae_square_shop, shop, kennysheep_dice, uniq_blork_the_orc
D:5:      layout_loops_cross
D:6:      minmay_general_purpose_star, layout_basic, serial_shops, shop,
          nicolae_lakefront_shop, hellmonk_bongcloud_opening, uniq_menkaure
D:7:      layout_loops_ring, temple_hall
D:8:      layout_loops_cross, david_lair_shrubbed, enter_ossuary_1
D:9:      cheibrodos_histonic, layout_cave_pools, okawaru_trees_2,
          bloody_makhleb, mainiacjoe_overflow_24_doors, serial_shops, shop,
          dk_noncrumbling_3
D:10:     layout_loops_ring, gammafunk_temple_overflow_wave,
          grunt_temple_overflow_open, david_orc_3, enter_bailey_3
D:11:     layout_basic, hangedman_decor_peaks_small
D:12:     layout_loops_ring, serial_shops, shop, nicolae_take_the_stairs,
          hangedman_fish_farm, uniq_jorgrun
D:13:     layout_stronghold, uniq_frances, uniq_urug
D:14:     minmay_curly_fans, layout_gridville, david_vaults_1,
          gammafunk_ghost_necromancy, serial_bayou_pond_e,
          grunt_decor_mini_mirrors, drop_trap, minmay_diamond_spiral
D:15:     gammafunk_enter_depths_forms, layout_loops_ring,
          minmay_misc_feat_room, gammafunk_ghost_hydra_chop, st_stairs_6,
          nzn_wu_jian_contemplation
Temple:   hellmonk_temple_of_storms

Skill      XL: |  1  2  3  4  5  6  7  8  9 10 11 12 13 |
---------------+----------------------------------------+-----
Dodging        | 1 2 3 4 5 6 7 9 11 | 11.1
Armour         | 3 4 5 6 7 9 11 | 11.1
Axes           | 2 5 7 |  7.8
Invocations    | 2 5 7 9 |  9.2
Fighting       | 6 8 |  8.9
Shields        | 5 8 |  8.2

Action                     |  1- 3 |  4- 6 |  7- 9 | 10-12 | 13-15 || total
---------------------------+-------+-------+-------+-------+-------++-------
  Melee: War axe           |   100 |   167 |   284 |   603 |    80 ||  1234
         Headbutt          |     8 |    22 |    59 |   143 |    18 ||   250
 Invoke: Elemental Force   |       |       |       |       |     2 ||     2
  Evoke: Wand              |       |       |     5 |       |       ||     5
    Use: Scroll            |     4 |     6 |    10 |     8 |     1 ||    29
         Potion            |       |       |     3 |     5 |     9 ||    17
   Stab: Invisible         |       |       |       |       |     1 ||     1
 Armour: Scale mail        |    55 |    49 |   112 |       |       ||   216
         Chain mail        |       |       |     5 |   135 |       ||   140
         Plate armour      |       |       |       |   153 |    71 ||   224
  Dodge: Dodged            |    53 |    78 |   111 |   219 |    51 ||   512
         Repelled          |       |       |       |     1 |     2 ||     3
  Block: Buckler           |    33 |   104 |       |       |       ||   137
         Reflection        |       |     2 |       |       |       ||     2
         Kite shield       |       |       |   190 |   721 |   135 ||  1046
